 Dungeon Crawl Stone Soup version 0.30.1-11-g7821555f0a (webtiles) character file.

Game seed: 14005432583927860186

2739 cowcol the Cleaver (level 9, -1/81 HPs)
             Began as a Minotaur Fighter on Nov 18, 2023.
             Was a Believer of Okawaru.
             Slain by a human (shapeshifter)
             ... wielding a +8 broad axe
              (3 damage)
             ... in a bailey on Nov 19, 2023.
             The game lasted 00:20:41 (6395 turns).

cowcol the Cleaver (Minotaur Fighter)               Turns: 6395, Time: 00:20:41

Health: -1/81      AC: 21    Str: 23    XL:     9   Next: 40%
Magic:  7/8        EV:  7    Int:  7    God:    Okawaru [**....]
Gold:   235        SH:  4    Dex: 10    Spells: 8/8 levels left

rFire   . . .        d - +0 broad axe (chaos)
rCold   + + .        c - +0 buckler
rNeg    . . .        G - +0 plate armour
rPois   .            l - +2 hat
rElec   .            (no cloak)
rCorr   .            t - +0 pair of gloves
SInv    +            k - +2 pair of boots
Will    .....        (no amulet) Stlth
                     g - ring of see invisible
HPRegen 0.33/turn    y - ring of protection from cold
MPRegen 0.11/turn

%: no passive effects
@: no status effects
A: horns 2, retaliatory headbutt, talons 1, cold resistance 1, robust 1,
evolution 1, sturdy frame 1
a: Renounce Religion, Heroism


You were in a bailey.
You worshipped Okawaru.
Okawaru was pleased with you.
You visited 2 branches of the dungeon, and saw 8 of its levels.
You also visited: Bailey.

You collected 235 gold pieces.

Inventory:

Hand Weapons
 a - a +0 war axe
 d - a +0 broad axe of chaos (weapon)
 r - the +4 mace of Cuampus {heavy, rF+}
   (You found it on level 3 of the Dungeon)

   rF:        It protects you from fire.
Missiles
 u - 6 boomerangs (quivered)
Armour
 b - a +0 scale mail
 c - a +0 buckler (worn)
 k - a +2 pair of boots (worn)
 l - a +2 hat (worn)
 t - a +0 pair of gloves (worn)
 B - a +2 ring mail of cold resistance
 G - a +0 plate armour (worn)
Jewellery
 g - a ring of see invisible (left hand)
 m - a ring of ice
 y - a ring of protection from cold (right hand)
Wands
 s - a wand of paralysis (7)
 w - a wand of digging (4)
Scrolls
 e - 11 scrolls of teleportation
 f - a scroll of torment
 j - 2 scrolls of amnesia
 p - a scroll of immolation
 q - 3 scrolls of fog
 z - a scroll of vulnerability
 A - a scroll of blinking
 J - a scroll of fear
Potions
 h - 5 potions of haste
 i - a potion of berserk rage
 n - 5 potions of flight
 o - 7 potions of curing
 x - 3 potions of magic
 D - a potion of brilliance {unknown}
 E - a potion of resistance
 F - a potion of lignification {unknown}
 H - 2 potions of invisibility {unknown}


   Skills:
 - Level 5.0 Fighting
 + Level 12.1(12.2) Axes
 - Level 1.0(7.8) Maces & Flails
 + Level 0.5 Throwing
 + Level 9.7 Armour
 - Level 3.6 Shields
 + Level 0.1 Invocations


You had 8 spell levels left.
You didn't know any spells.
Your spell library contained the following spells:

 Spells                   Type           Power      Damage    Failure   Level
 Kiss of Death            Conj/Necr      0%         2d5       99%         1
 Slow                     Hex            0%         N/A       99%         1
 Confusing Touch          Hex            0%         N/A       100%        3
 Dazzling Flash           Conj/Hex       0%         N/A       100%        3
 Gell's Gravitas          Tloc           0%         N/A       100%        3
 Ozocubu's Armour         Ice            0%         N/A       100%        3
 Teleport Other           Tloc           0%         N/A       100%        3
 Vampiric Draining        Necr           0%         2d6       100%        3
 Vhi's Electric Charge    Tloc/Air       0%         N/A       100%        3
 Dispel Undead            Necr           0%         3d6       100%        4
 Agony                    Necr           0%         N/A       100%        5
 Arcjolt                  Conj/Air       0%         1d10      100%        5
 Metabolic Englaciation   Hex/Ice        0%         N/A       100%        5
 Silence                  Hex/Air        0%         N/A       100%        5
 Dispersal                Tloc           0%         N/A       100%        6
 Plasma Beam              Fire/Air       0%         2x1d11    100%        6
 Simulacrum               Ice/Necr       Unusable   N/A       N/A         6

Dungeon Overview and Level Annotations

Branches:
Dungeon (7/15)             Temple (1/1) D:5          Bailey (1/1)

Altars:
Cheibriados
Elyvilon
Fedhas
Hepliaklqana
Kikubaaqudgha
Makhleb
Okawaru
Ru
Sif Muna
Uskayaw
Vehumet
Wu Jian
Xom
Yredelemnul
Zin

Shops:
D:1 =


Innate Abilities, Weirdness & Mutations

You have a pair of horns on your head.
You reflexively headbutt those who attack you in melee.
You have sharp toenails.
Your flesh is cold resistant. (rC+)
You are robust. (+10% HP)
You have hidden genetic potential.
Your movements are slightly less encumbered by armour. (ER -2)


Message History

You barely miss the orc warlord.
You headbutt the orc warlord, but do no damage.
The orc warlord is heavily wounded.
You hit the orc warlord but do no damage.
The orc warlord is heavily wounded.
The orc warlord hits you with a +8 broad axe!
* * * LOW HITPOINT WARNING * * *
Unknown command.
You slice the orc warlord!! You headbutt the orc warlord!
The orc warlord is almost dead.
The orc warlord closely misses you.
You hit the orc warlord.
You headbutt the orc warlord, but do no damage.
The orc warlord is almost dead.
You hit the orc warlord but do no damage.
The orc warlord changes into a shapeshifter!
The shapeshifter is heavily wounded.
The shapeshifter changes into a human!
You slash the human!
The human suddenly seems more agile.
Your headbutt misses the human.
The human is heavily wounded.
You miss the human. Your headbutt misses the human.
The human is heavily wounded.
The human picks up a +8 broad axe.
The human wields a +8 broad axe.
The human picks up a +0 chain mail.
The human wears a +0 chain mail.
You hit the human.
You feel better.
The human is severely wounded.
You miss the human.
The human is severely wounded.
You feel like a meek peon again.
The orc warrior no longer looks unusually strong.
You barely miss the human.
The human is severely wounded.
The human hits you with a +8 broad axe!
* * * LOW HITPOINT WARNING * * *
You closely miss the human.
The human is severely wounded.
The orc warrior no longer looks unusually strong.
The human closely misses you. The human hits you with a +8 broad axe.
You die... ##))...## ##..)))## ##)####...........####'## ##.....##....(....##.....## #.......#.........#.......# ##.......##.....(.##.......## #.........# ..o.. #.........# ##.........## gog

##.........##
#.....⌠.....###p###.....⌠.....#
##.........##88@88##.........##
#.........#.......#.........#
##.......##.......##)).....##
#.......')).......')).....#
##.....##)........##)....##
#######..)..⌠.....#######
##.........## #.........#
##.......##


You could see a human shaped shifter (agile), 2 orc warriors, a hobgoblin and a
goblin.

Vanquished Creatures
  Sigmund (D:4)
  A human (D:5)
  8 orc warriors (Bailey)
  2 water moccasins
  2 black bears
  A centaur (D:4)
  An ogre (D:5)
  A phantom (D:3)
  Blork the orc (D:5)
  A scorpion (D:5)
  4 wights (D:6)
  A gnoll bouda (D:7)
  3 orc priests
  Ijyb (D:4)
  An iguana (D:6)
  4 orc wizards
  Robin (D:4)
  17 gnolls
  7 adders
  4 white imps
  An ufetubus (D:4)
  4 dart slugs
  36 orcs
  7 endoplasms
  A giant cockroach (D:2)
  21 goblins
  19 hobgoblins
  6 kobolds
  4 quokkas
  3 ball pythons
  6 bats
  2 frilled lizards
  2 rats (D:2)
174 creatures vanquished.

Notes
Turn   | Place    | Note
-------+----------+-------------------------------------------
     0 | D:1      | cowcol the Minotaur Fighter began the quest for the Orb.
     0 | D:1      | Reached XP level 1. HP: 19/19 MP: 0/0
    81 | D:1      | Reached XP level 2. HP: 27/27 MP: 1/1
    90 | D:1      | Found Egaic's Jewellery Emporium.
   587 | D:2      | Reached skill level 3 in Axes
   587 | D:2      | Reached XP level 3. HP: 27/33 MP: 2/2
   817 | D:2      | Reached XP level 4. HP: 41/41 MP: 3/3
  1182 | D:2      | Reached skill level 4 in Axes
  1195 | D:2      | Found a faded altar of an unknown god.
  1713 | D:3      | Identified the +4 mace of Cuampus {heavy, rF+}
  1864 | D:3      | Noticed a phantom
  1875 | D:3      | Killed a phantom
  1876 | D:3      | Reached skill level 5 in Armour
  1876 | D:3      | Reached XP level 5. HP: 37/47 MP: 4/4
  1957 | D:4      | Noticed Robin
  1991 | D:3      | Reached skill level 5 in Axes
  2244 | D:4      | Killed Robin
  2279 | D:4      | Noticed Ijyb
  2284 | D:4      | Paralysed by Ijyb for 5 turns
  2294 | D:4      | Killed Ijyb
  2295 | D:4      | Reached skill level 5 in Fighting
  2417 | D:4      | Found a glowing silver altar of Zin.
  2573 | D:4      | Reached skill level 1 in Maces & Flails
  2573 | D:4      | Reached XP level 6. HP: 53/56 MP: 5/5
  2588 | D:4      | Noticed Sigmund
  2595 | D:4      | Killed Sigmund
  2596 | D:4      | Reached skill level 6 in Axes
  2991 | D:4      | Reached XP level 7. HP: 61/61 MP: 6/6
  3040 | D:4      | Found a burning altar of Makhleb.
  3040 | D:4      | Noticed a balrug
  3043 | D:4      | Noticed a hellwing
  3043 | D:4      | Noticed an orange demon
  3378 | D:5      | Entered Level 5 of the Dungeon
  3651 | D:5      | Noticed a human
  3652 | D:5      | Found a runed translucent door.
  3656 | D:5      | Found a basalt altar of Yredelemnul.
  3812 | D:5      | Reached skill level 7 in Axes
  4129 | D:5      | Found a staircase to the Ecumenical Temple.
  4135 | Temple   | Entered the Ecumenical Temple
  4183 | Temple   | Became a worshipper of Warmaster Okawaru
  4299 | D:5      | Noticed Blork the orc
  4310 | D:5      | Killed Blork the orc
  4657 | D:5      | Reached skill level 8 in Axes
  4943 | D:5      | Reached XP level 8. HP: 60/68 MP: 7/7
  5148 | D:6      | Reached * piety under Okawaru
  5166 | D:6      | Reached skill level 9 in Axes
  5815 | D:6      | Gained mutation: Your natural rate of healing is unusually
                  | fast. [potion of mutation]
  5815 | D:6      | Gained mutation: You have sharp toenails. [potion of
                  | mutation]
  5815 | D:6      | Gained mutation: You sometimes lose your temper in combat.
                  | [potion of mutation]
  5815 | D:6      | Gained mutation: Your flesh is heat resistant. (rF+)
                  | [potion of mutation]
  5914 | D:7      | Reached skill level 10 in Axes
  6037 | D:7      | Found a flagged portal.
  6055 | Bailey   | Entered a bailey
  6121 | Bailey   | Reached XP level 9. HP: 74/74 MP: 8/8
  6163 | Bailey   | Reached ** piety under Okawaru
  6197 | Bailey   | Reached skill level 11 in Axes
  6255 | Bailey   | Lost mutation: Your natural rate of healing is unusually
                  | fast. [potion of mutation]
  6255 | Bailey   | Lost mutation: You sometimes lose your temper in combat.
                  | [potion of mutation]
  6255 | Bailey   | Gained mutation: You are weak. (Str -2) [potion of
                  | mutation]
  6255 | Bailey   | Gained mutation: Your movements are slightly less
                  | encumbered by armour. (ER -2) [potion of mutation]
  6255 | Bailey   | Gained mutation: You have hidden genetic potential. [potion
                  | of mutation]
  6256 | Bailey   | Lost mutation: You are weak. (Str -2) [potion of mutation]
  6256 | Bailey   | Lost mutation: Your flesh is heat resistant. (rF+) [potion
                  | of mutation]
  6256 | Bailey   | Gained mutation: You are robust. (+10% HP) [potion of
                  | mutation]
  6256 | Bailey   | Gained mutation: Your flesh is cold resistant. (rC+)
                  | [potion of mutation]
  6277 | Bailey   | Reached skill level 12 in Axes
  6373 | Bailey   | Noticed an orc warlord
  6389 | Bailey   | an orc warlord changed into a shapeshifter
  6394 | Bailey   | HP: 2/81 [human (shapeshifter)/+8 broad axe (10)]
  6395 | Bailey   | Slain by a human (shapeshifter)

Illustrated notes

Levels and vault maps discovered:
D:1:      saegor_arrival_miasma, layout_rooms, serial_shops,
          nicolae_shop_tiny_statue_garden, minmay_pentomino_o2
D:2:      layout_loops_ring, hellmonk_ecumenical_altar_arch_garden,
          nrook_campfire, st_stairs_3
D:3:      layout_rooms
D:4:      layout_cave_pools, zin_statuary, makhleb_altar_promises_db,
          skrybe_limestone_x, minmay_starry_boxes, uniq_sigmund, uniq_robin,
          uniq_ijyb
D:5:      layout_basic, dk_yredelemnul_ordeal, temple_statues,
          uniq_blork_the_orc
D:6:      layout_rooms
D:7:      layout_cave_pods, enter_bailey_4, columned_hall_lemuel,
          dk_rats_in_the_wall, uniq_prince_ribbit1
Temple:   nicolae_temple_elliptical
Bailey:   bailey_axe_minmay_hex_keep, bailey

Skill      XL: |  1  2  3  4  5  6  7  8  9 |
---------------+----------------------------+-----
Fighting       | 4 5 |  5.0
Armour         | 4 5 6 8 9 |  9.7
Axes           | 3 4 5 6 8 10 12 | 12.1
Maces & Flails | 1 |  1.0
Throwing       | |  0.5
Shields        | |  3.6
Invocations    | |  0.1

Action                     |  1- 3 |  4- 6 |  7- 9 || total
---------------------------+-------+-------+-------++-------
  Melee: War axe           |    61 |    53 |   217 ||   331
         Headbutt          |    10 |    18 |    41 ||    69
         Mace              |       |    31 |       ||    31
         Broad axe         |       |       |    38 ||    38
  Throw: Dart              |       |       |     4 ||     4
 Invoke: Heroism           |       |       |     2 ||     2
    Use: Scroll            |     5 |     2 |     5 ||    12
         Potion            |       |     5 |     5 ||    10
 Armour: Scale mail        |    21 |    74 |       ||    95
         Ring mail         |       |       |   103 ||   103
         Plate armour      |       |       |    22 ||    22
  Dodge: Dodged            |    25 |    55 |   114 ||   194
  Block: Buckler           |    15 |    20 |    63 ||    98
